 Dungeon Crawl Stone Soup version 0.29-a0-231-g945431f764 (webtiles) character file.

Game seed: 7068789853156698301

3165 fragbeetle the Basher (level 9, -6/59 HPs)
             Began as a Demonspawn Fire Elementalist on Feb 28, 2022.
             Was a Priest of Nemelex Xobeh.
             Mangled by an orc warrior
             ... wielding a +0 halberd
              (19 damage)
             ... on level 10 of the Dungeon.
             The game lasted 00:19:31 (10146 turns).

fragbeetle the Basher (DsFE)                       Turns: 10146, Time: 00:19:31

Health: -6/59      AC:  7    Str: 12    XL:     9   Next: 63%
Magic:  21/21      EV: 10    Int: 17    God:    Nemelex Xobeh [***...]
Gold:   438        SH:  0    Dex: 14    Spells: 6/12 levels left

rFire   . . .      SeeInvis .   G - +7 morningstar "Ujichy" {freeze, rElec MP+9}
rCold   . . .      Faith    .   (no shield)
rNeg    . . .      Spirit   .   y - +0 ring mail
rPois   .          Reflect  .   (helmet restricted)
rElec   +          Harm     .   x - +1 cloak
rCorr   .          Rampage  .   (no gloves)
Will    .....                   (no boots)
Stlth   +.........              (no amulet)
HPRegen 0.19/turn               (no ring)
MPRegen 0.17/turn               (no ring)

@: no status effects
A: antennae 1, ignite blood 2, spiny 2
a: Renounce Religion, Draw Escape, Draw Destruction, Draw Summoning, Triple Draw


You were on level 10 of the Dungeon.
You worshipped Nemelex Xobeh.
Nemelex Xobeh was most pleased with you.
You visited 2 branches of the dungeon, and saw 12 of its levels.

You collected 503 gold pieces.
You spent 65 gold pieces at shops.

Inventory:

Hand Weapons
 a - a +0 hunting sling
 v - the +7 mace of Variability {chain chaos}
   (You found it on level 4 of the Dungeon)

   Each time it hits an enemy it has a different, random effect.
   It occasionally unleashes arcs of chaos on nearby creatures upon striking a
   foe.
 G - the +7 morningstar "Ujichy" (weapon) {freeze, rElec MP+9}
   (You found it on level 6 of the Dungeon)

   It freezes those it strikes, dealing additional cold damage.
   It can also slow down cold-blooded creatures.
   rElec:     It insulates you from electricity.
   MP:        It affects your magic capacity (+9).
 L - the +5 whip of Viny Watchfulness {venom, rC+ rCorr Int+2}
   (You found it on level 7 of the Dungeon)

   It poisons the flesh of those it strikes.
   Int:       It affects your intelligence (+2).
   rC:        It protects you from cold.
   rCorr:     It protects you from acid and corrosion.
Missiles
 c - 7 boomerangs
 d - 5 silver javelins
 E - 22 poisoned darts
Armour
 x - a +1 cloak (worn)
 y - a +0 ring mail (worn)
 B - a +0 kite shield
Magical Staves
 w - a staff of air
Wands
 z - a wand of iceblast (8)
 D - a wand of flame (66)
 H - a wand of paralysis (5)
Scrolls
 h - a scroll of blinking {unknown}
 i - 3 scrolls of noise {unknown}
 j - 2 scrolls of immolation {unknown}
 k - 10 scrolls of identify {unknown}
 m - 2 scrolls of fear {unknown}
 p - 3 scrolls of teleportation {unknown}
 u - a scroll of amnesia {unknown}
 A - a scroll of vulnerability {unknown}
 F - 2 scrolls of enchant armour {unknown}
 I - a scroll of brand weapon {unknown}
 J - 2 scrolls of fog
Potions
 b - a potion of degeneration {unknown}
 e - 2 potions of attraction
 f - 2 potions of haste {unknown}
 g - 3 potions of curing {unknown}
 l - a potion of cancellation {unknown}
 n - 2 potions of heal wounds
 o - 5 potions of might {unknown}
 q - a potion of berserk rage {unknown}
 r - a potion of mutation {unknown}
 C - a potion of brilliance {unknown}
 K - a potion of lignification {unknown}


   Skills:
 - Level 1.0 Fighting
 - Level 10.0 Maces & Flails
 - Level 1.7 Dodging
 - Level 1.7 Stealth
 - Level 2.0 Spellcasting
 - Level 5.0 Conjurations
 - Level 6.0 Fire Magic
 + Level 2.6 Invocations


You had 6 spell levels left.
You knew the following spells:

 Your Spells              Type           Power      Damage    Failure   Level
a - Foxfire               Conj/Fire      80%        2x1d8     4%          1
b - Scorch                Fire           44%        2d7       5%          2
c - Tukima's Dance        Hex            1%         N/A       78%         3

Your spell library contained the following spells:

 Spells                   Type           Power      Damage    Failure   Level
 Conjure Flame            Conj/Fire      20%        6-21      14%         3
 Inner Flame              Hex/Fire       11%        N/A       36%         3
 Flame Wave               Conj/Fire      20%        2d7       41%         4
 Ensorcelled Hibernation  Hex/Ice        2%         N/A       54%         2
 Passwall                 Tmut/Erth      0%         N/A       54%         2
 Spider Form              Tmut/Pois      1%         N/A       78%         3
 Swiftness                Air            1%         N/A       78%         3
 Anguish                  Hex/Necr       0%         N/A       99%         4
 Cause Fear               Hex            0%         N/A       99%         4
 Enfeeble                 Hex            0%         N/A       100%        7
 Discord                  Hex            0%         N/A       100%        8


Dungeon Overview and Level Annotations

Branches:
Dungeon (11/15)            Temple (1/1) D:5             Orc (0/2) D:10
   Lair: D:8-11

Altars:
Ashenzari
Cheibriados
Dithmenos
Elyvilon
Fedhas
Gozag
Hepliaklqana
Kikubaaqudgha
Makhleb
Nemelex Xobeh
Okawaru
Qazlal
Ru
Sif Muna
Trog
Uskayaw
Vehumet
Wu Jian
Xom
Yredelemnul
Zin
The Shining One

Shops:
D:7 *


Innate Abilities, Weirdness & Mutations

You have a pair of small antennae on your head.
Your demonic aura often causes spilled blood to erupt in flames.
You are mostly covered in sharp spines.


Message History

Found 14 gold pieces.
There is a stone staircase leading up here.
You climb upwards.
The orc priest shouts!
The orc shouts!
You hear a shout! x3
Found a staircase to the Orcish Mines.
There is a stone staircase leading down here.
The orc hits you but does no damage.
You barely miss the orc. The orc is struck by your spines.
You kill the orc!
An orc priest comes into view. It is wielding a +0 dagger.
Found a ring mail.
The orc priest shouts!
The orc priest mumbles some strange prayers to Beogh against you.
Beogh smites you!
An orc warrior comes into view. It is wielding a +0 halberd.
The orc priest is struck by your spines.
The orc priest hits you with a +0 short sword.
The orc priest calls upon Beogh to heal the orc priest.
The orc priest is healed somewhat.
The orc warrior shouts!
You hit the orc priest. You freeze the orc priest.
The orc priest is heavily wounded.
You hear a shout!
A kobold comes into view. It is wielding a +0 short sword.
The orc priest is struck by your spines.
You kill the orc priest!
Found a potion of heal wounds.
The orc priest calls down the wrath of Beogh upon you.
Beogh smites you!
You barely miss the orc priest. The orc priest closely misses you.
You closely miss the orc priest.
The orc warrior hits you from afar with a +0 halberd!!
* * * LOW HITPOINT WARNING * * *
The orc priest is struck by your spines.
The orc priest hits you but does no damage.
You closely miss the orc priest.
The orc priest is heavily wounded.
The orc warrior hits you from afar with a +0 halberd!!
You die...
Your body disappears without a glow.

#....
######.....
###..........
#............
#>..........
#...........
##).........
##..........
##..@.o......
#[..o○K..>...
##...........
##..........
#..........
#..........
####....###
..!.. ....#.


You could see an orc warrior, an orc priest and a kobold.

Vanquished Creatures
  A troll (D:6)
  A wraith (D:6)
  2 steam dragons (D:6)
  3 water moccasins
  An orc warrior (D:9)
  4 black bears
  A sky beast (D:8)
  A centaur (D:8)
  3 ogres
  2 kobold brigands
  A necrophage (D:4)
  3 bullfrogs
  A scorpion (D:6)
  4 howler monkeys
  A lava snake (D:9)
  A crimson imp (D:7)
  4 hounds
  A gnoll shaman (D:5)
  4 orc priests
  Ijyb (D:5)
  7 orc wizards
  8 gnolls
  7 adders
  A white imp (D:7)
  4 dart slugs
  9 orcs
  9 ball pythons
  8 bats
  2 bat zombies (D:5)
  11 endoplasms
  4 giant cockroaches
  2 goblins
  11 hobgoblins
  A quokka (D:2)
  A frilled lizard (D:2)
  15 kobolds
  3 rats
143 creatures vanquished.

Vanquished Creatures (others)
  3 demonic plants (D:2)
  60 foxfires
  A fungus (D:2)
  2 withered plants (D:2)
66 creatures vanquished.

Grand Total: 209 creatures vanquished

Notes
Turn   | Place    | Note
-------+----------+-------------------------------------------
     0 | D:1      | fragbeetle the Demonspawn Fire Elementalist began the quest
                  | for the Orb.
     0 | D:1      | Reached XP level 1. HP: 13/13 MP: 3/3
   145 | D:1      | Gained mutation: Your demonic aura sometimes causes spilled
                  | blood to erupt in flames. [demonic ancestry]
   145 | D:1      | Reached XP level 2. HP: 14/19 MP: 0/5
   339 | D:1      | Learned a level 2 spell: Scorch
  1216 | D:1      | Reached XP level 3. HP: 24/24 MP: 3/6
  1685 | D:2      | Found a faded altar of an unknown god.
  2541 | D:2      | Gained mutation: You are partially covered in sharp spines.
                  | [demonic ancestry]
  2541 | D:2      | Reached XP level 4. HP: 27/30 MP: 1/7
  3072 | D:3      | Noticed an ogre
  3091 | D:3      | Killed an ogre
  3092 | D:3      | Gained mutation: Your demonic aura often causes spilled
                  | blood to erupt in flames. [demonic ancestry]
  3092 | D:3      | Reached XP level 5. HP: 35/35 MP: 1/8
  3738 | D:4      | HP: 1/35 [something (3)]
  3746 | D:4      | Reached XP level 6. HP: 32/41 MP: 1/9
  4235 | D:4      | Found the +7 mace of Variability {chain chaos}
  4240 | D:4      | Reached skill level 5 in Conjurations
  4240 | D:4      | Reached skill level 5 in Fire Magic
  4250 | D:4      | Reached skill level 1 in Fighting
  4922 | D:5      | Entered Level 5 of the Dungeon
  5113 | D:5      | Found an ancient bone altar of Kikubaaqudgha.
  5165 | D:5      | Reached skill level 1 in Maces & Flails
  5165 | D:5      | Reached XP level 7. HP: 44/48 MP: 10/10
  5166 | D:5      | Found a staircase to the Ecumenical Temple.
  5175 | Temple   | Entered the Ecumenical Temple
  5445 | Temple   | Became a worshipper of Nemelex Xobeh the Trickster
  5505 | D:5      | Reached skill level 2 in Maces & Flails
  5902 | D:5      | Learned a level 3 spell: Tukima's Dance
  6039 | D:5      | Noticed Ijyb
  6052 | D:5      | Reached skill level 3 in Maces & Flails
  6056 | D:5      | Killed Ijyb
  6390 | D:6      | Reached skill level 4 in Maces & Flails
  6390 | D:6      | Gained mutation: You have a pair of small antennae on your
                  | head. [demonic ancestry]
  6390 | D:6      | Reached XP level 8. HP: 50/54 MP: 4/11
  6490 | D:6      | Reached skill level 5 in Maces & Flails
  6904 | D:6      | Noticed a troll
  6907 | D:6      | Killed a troll
  6908 | D:6      | Reached skill level 6 in Maces & Flails
  6961 | D:6      | Identified the +7 morningstar "Ujichy" {freeze, rElec MP+9}
  7163 | D:6      | Reached skill level 7 in Maces & Flails
  7400 | D:6      | Reached * piety under Nemelex Xobeh
  7515 | D:6      | Gained mutation: You are mostly covered in sharp spines.
                  | [demonic ancestry]
  7515 | D:6      | Reached XP level 9. HP: 57/59 MP: 12/12
  7697 | D:7      | Reached skill level 8 in Maces & Flails
  8036 | D:7      | Identified the +5 whip of Viny Watchfulness {venom, rC+
                  | rCorr Int+2}
  8199 | D:7      | Found Zuleecwi's General Store.
  8204 | D:7      | Bought a scroll of fog for 26 gold pieces
  8204 | D:7      | Bought a potion of attraction for 39 gold pieces
  8215 | D:7      | Received a gift from Nemelex Xobeh
  8688 | D:8      | Reached ** piety under Nemelex Xobeh
  8829 | D:8      | Reached skill level 9 in Maces & Flails
  9274 | D:8      | Received a gift from Nemelex Xobeh
  9737 | D:9      | Received a gift from Nemelex Xobeh
  9919 | D:9      | Reached skill level 10 in Maces & Flails
  9919 | D:9      | Reached skill level 1 in Invocations
 10130 | D:9      | You fall into a shaft and drop 2 floors!
 10130 | D:11     | Reached *** piety under Nemelex Xobeh
 10135 | D:10     | Entered Level 10 of the Dungeon
 10135 | D:10     | Found a staircase to the Orcish Mines.
 10146 | D:10     | Mangled by an orc warrior

Illustrated notes

Levels and vault maps discovered:
D:1:      dpeg_arrival_stonehenge_12_columns, layout_loops_ring,
          minmay_crystal_room
D:2:      layout_loops_cross, shapermc_ecumenical_altar_gd, serial_rivers,
          chequers_serial_rivers_marsh, chequers_serial_rivers_micro_e,
          chequers_serial_rivers_small_a, chequers_serial_rivers_marsh
D:3:      layout_basic
D:4:      layout_loops_corners, hangedman_decor_lopped
D:5:      layout_loops_ring, lemuel_zombie_altar_kikubaaqudgha,
          minmay_temple_entry_junction_2, uniq_ijyb
D:6:      nicolae_BIG_FREAKIN_CUBE, layout_loops_ring
D:7:      layout_basic, serial_shops, nicolae_shop_hallway_plus,
          minmay_fire_ice_demons
D:8:      layout_basic
D:9:      layout_roguey, nicolae_lava_and_water, minmay_misc_feat_five
D:10:     layout_cave_pools, lair_entry_dummy, david_orc_3, special_room
          [special_room_orc]
D:11:     layout_long_grid, serial_shops, shop, cheibriados_altar_1
Temple:   mainiacjoe_temple_hex_bubbles

Skill      XL: |  1  2  3  4  5  6  7  8  9 |
---------------+----------------------------+-----
Fire Magic     | 3 4 5 6 |  6.0
Conjurations   | 2 3 4 5 |  5.0
Fighting       | 1 |  1.0
Maces & Flails | 1 4 7 10 | 10.0
Invocations    | 2 |  2.6
Dodging        | |  1.7
Stealth        | |  1.7
Spellcasting   | |  2.0

Action                   |  1- 3 |  4- 6 |  7- 9 || total
-------------------------+-------+-------+-------++-------
Melee: Dagger            |    71 |       |       ||    71
       Flail             |    24 |     1 |       ||    25
       Punch             |     1 |     2 |     2 ||     5
       Short sword       |       |    20 |       ||    20
       Great mace        |       |    11 |    47 ||    58
       Morningstar       |       |       |    76 ||    76
 Fire: Hunting sling     |       |     7 |       ||     7
 Cast: Foxfire           |    19 |    14 |     4 ||    37
       Scorch            |    21 |    26 |    17 ||    64
Evoke: Wand              |       |       |     1 ||     1
  Use: Potion            |       |     1 |       ||     1
 Stab: Sleeping          |     1 |       |     1 ||     2
Armor: Robe              |    33 |     6 |       ||    39
       Ring mail         |       |    13 |    49 ||    62
Dodge: Dodged            |    75 |    14 |    69 ||   158

Table legend: (Time is in decaauts)
 A = Elapsed time spent in this place.
 B = Non-inter-level travel time spent in this place.
 C = Inter-level travel time spent in this place.
 D = Time resting spent in this place.
 E = Time spent auto-exploring this place.
 F = Levels seen in this place.
 G = Mean time per level.
                   A        B        C        D        E       F      G
               +--------+--------+--------+--------+--------+-----+--------+
         Total |  10214 |   9950 |    264 |   1151 |   7229 |  12 |  851.2 |
       Dungeon |   9822 |   9573 |    249 |   1047 |   7035 |  11 |  892.9 |
        Temple |    392 |    377 |     15 |    104 |    194 |   1 |  392.0 |
               +--------+--------+--------+--------+--------+-----+--------+

Top non-repeatable levels by time:
     D:1: 1669 daAuts
     D:6: 1400 daAuts
     D:4: 1233 daAuts
     D:2: 1198 daAuts
     D:8: 1092 daAuts
     D:5: 1021 daAuts
     D:7: 904 daAuts
     D:3: 842 daAuts
     D:9: 443 daAuts
  Temple: 392 daAuts
    D:10: 10 daAuts
    D:11: 4 daAuts
